[Event "Prague Festival-Challengers 2022"]
[Site "Prague"]
[Date "2022.06.17"]
[Round "9.5"]
[White "Abdusattorov, Nodirbek"]
[Black "Pechac, Jergus"]
[Result "1/2-1/2"]
[ECO "C50"]
[WhiteElo "2661"]
[BlackElo "2597"]
[Annotator "TA"]
[PlyCount "106"]
[EventDate "2022.06.07"]
[EventType "tourn"]
[EventCountry "CZE"]
[SourceTitle "playchess.com"]
[Source "ChessBase"]
[SourceQuality "1"]
[TimeControl "40/5400+30:1800+30"]

1. e4 e5 2. Nf3 Nc6 3. Bc4 Bc5 4. d3 a6 5. a4 d6 6. O-O {[%emt 0:00:45] C50: Hungarian Defence and Giuoco Pianissimo.} Qf6 7. c3 Bg4 8. Nbd2 {[%emt 0:11:25] [#] White has an edge.} Nge7 $146 ({Predecessor:} 8... Nd8 9. b4 Ba7 10. h3 Bh5 11. g4 Bg6 12. g5 Qe7 13. Nb3 Ne6 14. Re1 Bh5 {0-1 (49) Kozhemyako,V (1503)-Kaigorodov,T (1774) Novosibirsk 2010}) 9. b4 Ba7 10. h3 h5 11. Nb3 Nd8 12. d4 (12. hxg4 hxg4 13. Re1 (13. Bg5 Qg6 $17) 13... Ne6 $15) 12... Ne6 13. Bxe6 Bxe6 14. Be3 Qg6 15. dxe5 {[%emt 0:10:06] Black must now prevent Bxa7.} Bxe3 (15... Bxh3 $5 16. Nh4 (16. Bg5 dxe5 17. gxh3 f6 $17) 16... Qxe4 17. exd6 Bxe3 18. dxe7 Ba7 $15) 16. fxe3 Bxh3 $40 {[%emt 0:01:27][%csl Gh3][%cal Rg6g2][%mdl 128] Black has some attack.} 17. Qc2 (17. Qd2 $11 {should be considered.}) 17... h4 $17 18. exd6 cxd6 19. Nbd4 Rc8 20. Qf2 (20. e5 $15 Qxc2 21. Nxc2) 20... Rxc3 21. e5 d5 22. Rac1 {[%emt 0:02:33] [#]} Rc8 (22... Rxc1 $1 $17 23. Rxc1 Bg4) 23. e6 Bxe6 24. Ne5 (24. Rxc8+ $15 Nxc8 25. Nxe6 fxe6 26. Ne5) 24... Qg3 25. Rxc8+ Nxc8 26. Qxg3 hxg3 27. Rf3 O-O 28. Nd3 (28. Nxe6 $142 fxe6 29. Nd7 Rxf3 30. gxf3) 28... Nd6 29. Rxg3 Ne4 30. Rf3 Rc8 31. Rf1 Rc4 32. a5 {[%emt 0:01:18] [#]} g5 $1 33. Rb1 Rc3 34. Nc5 Bc8 35. Nxe4 dxe4 {[%emt 0:00:03][%mdl 4096] Endgame KRB-KRN} 36. Kf2 Kg7 37. b5 Rc5 38. Rb4 f5 (38... Bd7 $142 39. bxa6 bxa6) 39. g4 f4 ({Better is} 39... fxg4 $17 40. bxa6 bxa6 41. Rb7+ Kh6) 40. bxa6 $2 (40. exf4 $1 $15 gxf4 41. bxa6 bxa6 42. Ne2) 40... bxa6 $19 41. exf4 gxf4 42. Ne2 f3 $2 ({Weaker is} 42... Rxa5 43. Rxe4 Bxg4 44. Rxf4 $17) ({And not} 42... Bxg4 43. Nxf4 Rxa5 44. Rxe4 $17) ({Black should try} 42... Rc2 $19 {aiming for ...f3.} 43. Rxe4 f3 44. Kxf3 Bb7) 43. Ng3 $15 Rxa5 44. Rxe4 Ra2+ 45. Ke3 Ra3+ 46. Kf2 {[%emt 0:00:49] The position is equal.} a5 47. Rc4 $1 Be6 48. Nf5+ Kf6 49. Rc5 a4 50. g5+ Kf7 51. Ra5 Bxf5 52. Rxf5+ Kg7 53. Rf6 Rb3 {[%emt 0:02:42] Black had all chances to win.  Weighted Error Value: White=0.21 (precise) /Black=0.18 (very precise)} 1/2-1/2